 Dungeon Crawl Stone Soup version 0.30-a0-424-g7412bad402 (webtiles) character file.

Game seed: 14951650491367756608

1859 Pooter the Cleaver (level 8, -6/74 HPs)
             Began as a Minotaur Fighter on Dec 10, 2022.
             Succumbed to a hornet's poison
             ... on level 7 of the Dungeon.
             The game lasted 00:21:42 (5720 turns).

Pooter the Cleaver (Minotaur Fighter)               Turns: 5720, Time: 00:21:43

Health: -6/74      AC: 10    Str: 22    XL:     8   Next: 89%
Magic:  7/7        EV:  7    Int:  5    God:
Gold:   61         SH:  0    Dex: 11    Spells: 7/7 levels left

rFire   . . .      SeeInvis .    a - +0 battleaxe
rCold   . . .      Faith    .    (shield currently unavailable)
rNeg    . . .      Spirit   .    s - +0 chain mail
rPois   .          Reflect  .    (helmet restricted)
rElec   .          Harm     .    (no cloak)
rCorr   .          Rampage  .    (no gloves)
Will    .....                    h - +0 pair of boots
Stlth   ..........               (no amulet)
HPRegen 0.32/turn                (no ring)
MPRegen 0.10/turn                (no ring)

@: lethally poisoned (-6 -> -34), slowed, very slow
A: horns 2, retaliatory headbutt
a: no special abilities


You were on level 7 of the Dungeon.
You visited 1 branch of the dungeon, and saw 7 of its levels.

You collected 301 gold pieces.
You spent 240 gold pieces at shops.

Inventory:

Hand Weapons
 a - a +0 battleaxe (weapon)
   (You bought it in a shop on level 5 of the Dungeon)
 b - the +7 sling of Overwhelming Force {speed, Fly rC+ MP+9 Int+4}
   (You found it on level 6 of the Dungeon)

   Attacks with this weapon are significantly faster.
   Int:       It affects your intelligence (+4).
   rC:        It protects you from cold.
   MP:        It affects your magic capacity (+9).
   Fly:       It grants you flight.
 g - a +2 vampiric spear
   (You found it on level 1 of the Dungeon)
 i - a +4 whip of venom
   (You took it off a kobold brigand on level 6 of the Dungeon)
 w - the +7 Throatcutter {drain, coup de grace}
   (You found it on level 5 of the Dungeon)

   A truly terrible weapon, it drains the life of any living foe it strikes.
   It may instantly kill foes which have little health.
 y - a +0 war axe of freezing
 E - a +0 shortbow
   (You took it off a centaur on level 5 of the Dungeon)
Missiles
 v - 16 poisoned darts (quivered)
 B - 3 datura-tipped darts
 Q - 47 stones
Armour
 c - a +0 buckler
 h - a +0 pair of boots (worn)
   (You found it on level 1 of the Dungeon)
 s - a +0 chain mail (worn)
   (You found it on level 3 of the Dungeon)
Wands
 d - a wand of iceblast (5)
   (You bought it in a shop on level 5 of the Dungeon)
 C - a wand of light (3)
   (You found it on level 6 of the Dungeon)
 D - a wand of digging (3)
   (You found it on level 5 of the Dungeon)
Scrolls
 f - 2 scrolls of poison {!r}
 k - 2 scrolls of immolation {!r}
 l - a scroll of vulnerability {!r}
 m - a scroll of enchant armour
 o - a scroll of summoning {unknown}
 q - a scroll of butterflies
 r - 2 scrolls of enchant weapon {unknown}
 t - 2 scrolls of teleportation {@r4}
 u - a scroll of fear {unknown}
Potions
 e - a potion of haste {@q3}
 j - a potion of heal wounds {unknown}
 n - a potion of resistance {unknown}
 p - a potion of lignification {unknown}
 x - 2 potions of mutation {unknown}
 z - 2 potions of might
 A - a potion of magic {unknown}
 F - 2 potions of brilliance {unknown}
 G - a potion of attraction {unknown}
 H - 2 potions of curing {@q1}


   Skills:
 + Level 8.3 Fighting
 * Level 10.8 Axes
 + Level 4.2 Ranged Weapons
 - Level 3.6 Armour
 - Level 3.6 Shields


You had 7 spell levels left.
You didn't know any spells.
Your spell library contained the following spells:

 Spells                   Type           Power      Damage    Failure   Level
 Blink                    Tloc           0%         N/A       100%        2
 Momentum Strike          Conj/Tloc      0%         3d8       100%        2
 Inner Flame              Hex/Fire       0%         N/A       100%        3
 Lesser Beckoning         Tloc           0%         N/A       100%        3
 Cause Fear               Hex            0%         N/A       100%        4
 Discord                  Hex            0%         N/A       100%        8


Dungeon Overview and Level Annotations

Branches:
Dungeon (7/15)
 Temple: D:4-7

Altars:
Dithmenos
Makhleb
Nemelex Xobeh
Xom
Yredelemnul

Shops:
D:4 :   D:5 *


Innate Abilities, Weirdness & Mutations

You have a pair of horns on your head.
You reflexively headbutt those who attack you in melee.


Message History

You feel yourself speed up.
You feel sick. The hornet stings you.
You feel yourself slow down. The hornet stings you!
You feel as though you will be slow longer.
Unknown command.
You slash the hornet! Your headbutt misses the hornet.
You feel sick.
The hornet stings you but does no damage. x2
The hornet stings you.
You feel as though you will be slow longer.
You barely miss the hornet. Your headbutt misses the hornet.
You miss something.
You feel sick. The hornet completely misses you. You furiously retaliate!
You headbutt the hornet. Something hits you but does no damage.
The hornet barely misses you.
You hear some strange, mumbled words.
Something tries to affect you, but you resist.
The hornet stings you!
You are more poisoned.
You feel as though you will be slow longer.
You hit the hornet but do no damage. Your headbutt misses the hornet.
You completely miss something.
You feel very sick. The hornet stings you.
* * * LOW HITPOINT WARNING * * *
You are more poisoned.
You feel as though you will be slow longer.
Something hits you but does no damage. The hornet stings you.
* * * LOW HITPOINT WARNING * * *
You are more poisoned.
You feel as though you will be slow longer.
You closely miss the hornet. Your headbutt misses the hornet.
You closely miss something.
* * * LOW HITPOINT WARNING * * *
You feel extremely sick. The hornet stings you!
* * * LOW HITPOINT WARNING * * *
You feel as though you will be slow longer.
You hear some strange, mumbled words.
Something tries to affect you, but you resist.
The hornet stings you!
* * * LOW HITPOINT WARNING * * *
You are more poisoned.
You feel as though you will be slow longer.
Something completely misses you. The hornet barely misses you.
You slice the hornet!!
You kill the hornet!
You hit something but do no damage.
You die...

#~~8$ +....
.# #~~8. ..#
#~~. ..# #~.
#..#
#'###...#.
#.........
##†{......
#@..#####
##...#
####...##
#..<...#
...).......#
.....#####..#
#### .....
...... ......


There were no monsters in sight!

Vanquished Creatures
  A hornet (D:7)
  A water moccasin (D:6)
  5 black bears
  4 ogres
  A phantom (D:5)
  A centaur (D:5)
  A kobold brigand (D:6)
  3 scorpions (D:5)
  A howler monkey (D:5)
  An orc priest (D:5)
  A hound (D:4)
  2 jellies
  Jessica (D:2)
  Natasha (thrice) (D:3)
  3 iguanas
  11 adders
  2 shadow imps
  3 white imps
  3 ufetubi
  2 worms
  4 dart slugs
  10 orcs
  6 endoplasms
  5 goblins
  11 hobgoblins
  2 quokkas
  2 ball pythons
  A bat (D:1)
  4 frilled lizards
  7 kobolds
  2 rats
104 creatures vanquished.

Vanquished Creatures (others)
  14 fungi (D:4)
14 creatures vanquished.

Grand Total: 118 creatures vanquished

Notes
Turn   | Place    | Note
-------+----------+-------------------------------------------
     0 | D:1      | Pooter the Minotaur Fighter began the quest for the Orb.
     0 | D:1      | Reached XP level 1. HP: 19/19 MP: 0/0
   139 | D:1      | Noticed a shining eye
   140 | D:1      | Found a faded altar of an unknown god.
   142 | D:1      | Reached skill level 3 in Axes
   236 | D:1      | Noticed a floating eye
   237 | D:1      | Noticed an eye of devastation
   237 | D:1      | Noticed an eye of devastation
   325 | D:1      | Reached XP level 2. HP: 25/27 MP: 1/1
   704 | D:2      | Reached XP level 3. HP: 32/33 MP: 2/2
   737 | D:2      | Reached skill level 4 in Axes
  1044 | D:2      | Noticed Jessica
  1051 | D:2      | Killed Jessica
  1052 | D:2      | Reached XP level 4. HP: 38/41 MP: 3/3
  1278 | D:3      | Noticed Natasha
  1281 | D:3      | Killed Natasha
  1282 | D:3      | Reached skill level 5 in Axes
  1345 | D:3      | Noticed Natasha
  1350 | D:3      | Killed Natasha
  1351 | D:3      | Reached skill level 5 in Fighting
  1351 | D:3      | Reached XP level 5. HP: 35/48 MP: 4/4
  1494 | D:3      | Noticed Natasha
  1507 | D:3      | Killed Natasha
  1580 | D:3      | Noticed a black bear
  1587 | D:3      | Killed a black bear
  1588 | D:3      | Reached skill level 6 in Axes
  1588 | D:3      | Reached XP level 6. HP: 55/56 MP: 5/5
  1779 | D:4      | Found Jesaig Sest's Vocational Training.
  1835 | D:4      | Found a sparkling altar of Nemelex Xobeh.
  2131 | D:4      | Reached skill level 7 in Axes
  2408 | D:4      | Found a shimmering altar of Xom.
  2440 | D:4      | Found a basalt altar of Yredelemnul.
  2595 | D:5      | Entered Level 5 of the Dungeon
  2699 | D:5      | Reached XP level 7. HP: 47/63 MP: 6/6
  2846 | D:5      | Reached skill level 8 in Axes
  2926 | D:5      | Found the +7 Throatcutter {drain, coup de grace}
  3025 | D:5      | Found a burning altar of Makhleb.
  3115 | D:5      | Reached skill level 1 in Ranged Weapons
  3289 | D:5      | Found a shadowy altar of Dithmenos.
  3430 | D:5      | Found Wutaji's Mayhem Merchandise.
  3433 | D:5      | Bought a +0 battleaxe for 84 gold pieces
  3433 | D:5      | Bought a wand of iceblast (5) for 156 gold pieces
  3558 | D:5      | Reached skill level 9 in Axes
  3651 | D:5      | Reached XP level 8. HP: 73/73 MP: 7/7
  4395 | D:6      | Reached skill level 10 in Axes
  5241 | D:6      | Identified the +7 sling of Overwhelming Force {speed, Fly
                  | rC+ MP+9 Int+4}
  5708 | D:7      | Noticed a hornet
  5712 | D:7      | Paralysed by a hornet for 2 turns
  5719 | D:7      | HP: 3/74 [hornet (9)]
  5720 | D:7      | Killed a hornet
  5720 | D:7      | Succumbed to a hornet's poison

Illustrated notes

Levels and vault maps discovered:
D:1:      wander_arrival_lonely_grave, layout_loops_ring,
          hellmonk_ecumenical_altar_watching_god
D:2:      layout_basic, uniq_jessica
D:3:      layout_basic, serial_park_tiny_2, uniq_natasha
D:4:      layout_cave_pods, mainiacjoe_overflow_chevrons,
          mainiacjoe_overflow_two_lobes, nicolae_shop_vocational
D:5:      layout_basic, nicolae_dithmenos_the_darkroom, kennysheep_mini_moat,
          minmay_shop_mayhem
D:6:      layout_rooms
D:7:      layout_layer_cave, fedhas_altar_decomposition, kennysheep_mini,
          jmf_multi_god_temple2, minmay_temple_entry_sparse_star, serial_shops,
          nicolae_shop_waterfront, nicolae_shop_behind_doors, shop,
          kennysheep_small_circle, uniq_duvessa

Skill      XL: |  1  2  3  4  5  6  7  8 |
---------------+-------------------------+-----
Axes           | 3 4 5 6 7 9 10 | 10.8
Fighting       | 4 5 6 7 8 |  8.3
Ranged Weapons | 2 4 |  4.2
Armour         | |  3.6
Shields        | |  3.6

Action                   |  1- 3 |  4- 6 |  7- 9 || total
-------------------------+-------+-------+-------++-------
Melee: War axe           |    61 |    77 |    21 ||   159
       Headbutt          |     8 |    11 |    18 ||    37
       Long sword        |       |       |    10 ||    10
       Battleaxe         |       |       |    75 ||    75
 Fire: Shortbow          |       |       |    54 ||    54
       Sling             |       |       |     9 ||     9
Throw: Dart              |       |     8 |       ||     8
  Use: Scroll            |     2 |     7 |       ||     9
       Potion            |       |       |     3 ||     3
Armor: Scale mail        |    29 |    17 |       ||    46
       Chain mail        |       |    24 |   119 ||   143
Dodge: Dodged            |    19 |    31 |    61 ||   111
Block: Buckler           |    12 |    14 |       ||    26

Table legend: (Time is in decaauts)
 A = Elapsed time spent in this place.
 B = Non-inter-level travel time spent in this place.
 C = Inter-level travel time spent in this place.
 D = Time resting spent in this place.
 E = Time spent auto-exploring this place.
 F = Levels seen in this place.
 G = Mean time per level.
                   A        B        C        D        E       F      G
               +--------+--------+--------+--------+--------+-----+--------+
         Total |   5813 |   5645 |    168 |   1666 |   3067 |   7 |  830.4 |
       Dungeon |   5813 |   5645 |    168 |   1666 |   3067 |   7 |  830.4 |
               +--------+--------+--------+--------+--------+-----+--------+

Top non-repeatable levels by time:
     D:5: 1756 daAuts
     D:6: 1400 daAuts
     D:4: 823 daAuts
     D:1: 675 daAuts
     D:2: 626 daAuts
     D:3: 508 daAuts
     D:7: 22 daAuts
